 Dungeon Crawl Stone Soup version 0.29-a0-284-gf9362112df (webtiles) character file.

Game seed: 8348327105827682716

340 yunder69 the Skirmisher (level 6, -5/56 HPs)
             Began as a Minotaur Berserker on Mar 18, 2022.
             Was a Believer of Trog.
             Slain by Pikel
             ... wielding a +2 whip of freezing
              (6 damage)
             ... on level 4 of the Dungeon on Mar 19, 2022.
             The game lasted 00:47:36 (4464 turns).

yunder69 the Skirmisher (Minotaur Berserker)        Turns: 4464, Time: 00:47:36

Health: -5/56      AC:  9    Str: 21    XL:     6   Next: 30%
Magic:  5/5        EV:  8    Int:  4    God:    Trog [**....]
Gold:   161        SH:  0    Dex: 12    Spells: 5/5 levels left

rFire   + . .      SeeInvis .   c - +2 double sword (holy)
rCold   x . .      Faith    .   (no shield)
rNeg    . . .      Spirit   .   k - +0 chain mail
rPois   .          Reflect  .   (helmet restricted)
rElec   .          Harm     .   (no cloak)
rCorr   .          Rampage  .   (no gloves)
Will    .....                   (no boots)
Stlth   ..........              (no amulet)
HPRegen 0.18/turn               f - ring of fire
MPRegen 0.09/turn               (no ring)

@: no status effects
A: horns 2, retaliatory headbutt
a: Renounce Religion, Berserk, Trog's Hand


You were on level 4 of the Dungeon.
You worshipped Trog.
Trog was pleased with you.
You visited 1 branch of the dungeon, and saw 4 of its levels.

You collected 161 gold pieces.

Inventory:

Hand Weapons
 a - a +0 hand axe
 c - a +2 double sword of holy wrath (weapon)
 n - a +0 hunting sling
 o - a +0 dagger
 r - a +0 short sword
 t - a +0 hand axe
 x - a +0 spear
 y - a +0 flail
 A - a +0 falchion
Missiles
 i - 187 stones
 q - 2 atropa-tipped darts
 s - 2 boomerangs of dispersal
 z - a curare-tipped dart (quivered)
Armour
 k - a +0 chain mail (worn)
 p - a +0 scale mail
 v - a +0 leather armour
Jewellery
 d - a +4 ring of evasion
 f - a ring of fire (left hand)
Wands
 C - a wand of polymorph (6)
Scrolls
 e - a scroll of identify {hand axe}
 j - 2 scrolls of immolation
 l - 2 scrolls of teleportation {unknown}
 u - 2 scrolls of blinking {unknown}
 B - a scroll of noise {unknown}
Potions
 b - 2 potions of lignification {unknown}
 g - a potion of cancellation {unknown}
 h - a potion of resistance {unknown}
 m - a potion of haste {unknown}
 w - 2 potions of invisibility {unknown}


   Skills:
 + Level 5.0 Fighting
 + Level 4.4 Long Blades
 + Level 4.4 Axes
 + Level 4.3 Armour
 + Level 2.8 Dodging
 + Level 0.1 Stealth


You had 5 spell levels left.
You didn't know any spells.
Your spell library contained the following spells:

 Spells                   Type           Power      Damage    Failure   Level
 Animate Skeleton         Necr           0%         N/A       99%         1
 Pain                     Necr           0%         1d4       99%         1
 Inner Flame              Hex/Fire       0%         N/A       100%        3
 Vampiric Draining        Necr           0%         2d6       100%        3
 Cause Fear               Hex            0%         N/A       100%        4
 Discord                  Hex            0%         N/A       100%        8


Dungeon Overview and Level Annotations

Branches:
Dungeon (4/15)
 Temple: D:4-7

Altars:

Annotations:
D:4 Pikel


Innate Abilities, Weirdness & Mutations

You have a pair of horns on your head.
You reflexively headbutt those who attack you in melee.


Message History

Pikel is moderately wounded.
Pikel hits you with a +2 whip of freezing.
Pikel freezes you. Pikel hits you but does no damage.
You hit Pikel. You headbutt Pikel.
Pikel is heavily wounded.
Pikel hits you with a +2 whip of freezing.
Pikel freezes you.
You slash Pikel!
Pikel is severely wounded.
Pikel hits you but does no damage.
You closely miss Pikel. You headbutt Pikel, but do no damage.
Pikel is severely wounded.
Pikel hits you with a +2 whip of freezing!
Pikel freezes you.
You miss Pikel.
Pikel is severely wounded.
Pikel hits you with a +2 whip of freezing.
Pikel freezes you.
Pikel hits you with a +2 whip of freezing.
Pikel freezes you.
You slash Pikel!
Pikel is almost dead.
Pikel closely misses you.
You barely miss Pikel. You headbutt Pikel, but do no damage.
Pikel is almost dead.
Pikel hits you with a +2 whip of freezing.
* * * LOW HITPOINT WARNING * * *
Pikel freezes you.
* * * LOW HITPOINT WARNING * * *
You closely miss Pikel.
Pikel is almost dead.
Pikel hits you with a +2 whip of freezing!
* * * LOW HITPOINT WARNING * * *
Pikel freezes you.
* * * LOW HITPOINT WARNING * * *
You hit Pikel but do no damage. You headbutt Pikel, but do no damage.
Pikel is almost dead.
Pikel says, "I'm sure they'll be treated well, anyway."
Pikel hits you with a +2 whip of freezing.
You die...

#.# #<# #.#
######## #.#
#......# ##.## #
#$####.###...#.#
#.#
#.##......#.#
#.# #..........#
#@#
######.##.#.#
#K# #.# .... #.#
#.# ### ..# #'#
.## ... .. ...
#. ... #.


You could see Pikel.

Vanquished Creatures
  A kobold brigand (D:3)
  4 lemures
  A bullfrog (D:4)
  9 gnolls (D:3)
  3 adders (D:2)
  3 orcs (D:3)
  5 bats
  4 endoplasms
  5 giant cockroaches
  7 goblins
  6 hobgoblins
  2 quokkas
  9 ball pythons
  2 frilled lizards
  31 kobolds
  4 rats
  A bush (D:1)
97 creatures vanquished.

Vanquished Creatures (others)
  10 plants (D:1)
10 creatures vanquished.

Grand Total: 107 creatures vanquished

Notes
Turn   | Place    | Note
-------+----------+-------------------------------------------
     0 | D:1      | yunder69 the Minotaur Berserker began the quest for the
                  | Orb.
     0 | D:1      | Reached XP level 1. HP: 19/19 MP: 0/0
   176 | D:1      | HP: 1/20 [frozen (4)]
   512 | D:1      | Reached XP level 2. HP: 22/27 MP: 1/1
   545 | D:1      | Reached skill level 4 in Fighting
  1005 | D:1      | Found a faded altar of an unknown god.
  1681 | D:2      | Reached XP level 3. HP: 32/33 MP: 2/2
  2630 | D:2      | Reached XP level 4. HP: 38/41 MP: 3/3
  3018 | D:3      | Reached ** piety under Trog
  3019 | D:3      | Reached skill level 1 in Long Blades
  3165 | D:3      | Reached XP level 5. HP: 21/47 MP: 4/4
  3617 | D:3      | Reached XP level 6. HP: 55/55 MP: 5/5
  3656 | D:3      | Reached skill level 5 in Fighting
  4115 | D:4      | Noticed Pikel
  4463 | D:4      | HP: 1/56 [Pikel/+2 whip of freezing (4)]
  4464 | D:4      | Slain by Pikel

Illustrated notes

Levels and vault maps discovered:
D:1:      eino_arrival_cavern_e, layout_basic,
          hellmonk_ecumenical_altar_arch_garden, serial_forest,
          infiniplex_forest_corner_2, infiniplex_forest_straight_5,
          infiniplex_forest_lined_3, infiniplex_forest_lined_1,
          infiniplex_forest_fountain, infiniplex_forest_end_2,
          chequers_big_river
D:2:      layout_basic, minmay_pentomino_v4
D:3:      minmay_goblin_kobold_castle, layout_loops_ring, serial_glass,
          glass_columns_b, glass_columns_c, glass_columns_a, glass_columns_a
D:4:      layout_loops_corners, grunt_ministairs_11, uniq_edmund, uniq_pikel,
          uniq_natasha

Skill      XL: |  1  2  3  4  5  6 |
---------------+-------------------+-----
Fighting       | 4 5 |  5.0
Axes           | 4 |  4.4
Armour         | 3 4 |  4.3
Long Blades    | 2 3 4 |  4.4
Dodging        | |  2.8
Stealth        | |  0.1

Action                   |  1- 3 |  4- 6 || total
-------------------------+-------+-------++-------
Melee: Hand axe          |   182 |       ||   182
       Headbutt          |    57 |    21 ||    78
       Punch             |     5 |       ||     5
       Double sword      |    12 |   139 ||   151
Invok: Berserk           |       |     2 ||     2
  Use: Scroll            |     1 |       ||     1
Armor: Animal skin       |     9 |       ||     9
       Scale mail        |    24 |       ||    24
       Chain mail        |       |   100 ||   100
Dodge: Dodged            |    59 |    90 ||   149

Table legend: (Time is in decaauts)
 A = Elapsed time spent in this place.
 B = Non-inter-level travel time spent in this place.
 C = Inter-level travel time spent in this place.
 D = Time resting spent in this place.
 E = Time spent auto-exploring this place.
 F = Levels seen in this place.
 G = Mean time per level.
                   A        B        C        D        E       F      G
               +--------+--------+--------+--------+--------+-----+--------+
         Total |   4579 |   2901 |   1678 |   1064 |    845 |   4 | 1144.8 |
       Dungeon |   4579 |   2901 |   1678 |   1064 |    845 |   4 | 1144.8 |
               +--------+--------+--------+--------+--------+-----+--------+

Top non-repeatable levels by time:
     D:1: 1703 daAuts
     D:3: 1465 daAuts
     D:2: 1261 daAuts
     D:4: 149 daAuts
